 Dungeon Crawl Stone Soup version 0.31.0-11-ge490571c62 (webtiles) character file.

Game seed: 16443282657507606476

89 qw the Shooter (level 4, 0/25 HPs)
             Began as a Deep Elf Hunter on Feb 4, 2024.
             Slain by a jackal (1 damage)
             ... on level 2 of the Dungeon.
             The game lasted 00:00:04 (1481 turns).

qw the Shooter (Deep Elf Hunter)                    Turns: 1481, Time: 00:00:04

Health: 0/25       AC:  3    Str: 10    XL:     4   Next: 31%
Magic:  6/6        EV: 12    Int: 14    God:
Gold:   90         SH:  0    Dex: 18    Spells: 3/3 levels left

rFire   . . .        a - +0 shortbow (flame)
rCold   . . .        (shield currently unavailable)
rNeg    . . .        c - +0 leather armour
rPois   .            (no helmet)
rElec   .            f - scarf {repulsion}
rCorr   .            (no gloves)
SInv    .            (no boots)
Will    .....        h - amulet of the acrobat
Stlth   +            (no ring)
HPRegen 0.24/turn    (no ring)
MPRegen 0.10/turn

%: repel missiles, acrobat
@: on fire, about to teleport, glowing
A: no striking features
a: no special abilities


You were on level 2 of the Dungeon.
You visited 1 branch of the dungeon, and saw 2 of its levels.

You collected 90 gold pieces.


   Skills:
 - Level 1.5 Fighting
 + Level 7.7 Ranged Weapons
 - Level 2.4 Dodging
 - Level 1.2 Stealth


You had 3 spell levels left.
You didn't know any spells.
Your spell library was empty.

Inventory:

Hand Weapons
 a - a +0 shortbow of flaming (weapon)
Armour
 c - a +0 leather armour (worn)
 f - a scarf of repulsion (worn)
Jewellery
 h - an amulet of the acrobat (around neck)
Wands
 j - a wand of iceblast (5)
Scrolls
 b - a scroll of torment {unknown}
 d - a scroll of enchant weapon {unknown}
Potions
 g - 2 potions of heal wounds
 i - 2 potions of curing {unknown}

Dungeon Overview and Level Annotations

Branches:
Dungeon (2/15)

Altars:


Message History

The arrow hits the hobgoblin but does no damage.
You shoot an arrow. The arrow hits the hobgoblin.
The arrow burns the hobgoblin.
You kill the hobgoblin!
You shoot an arrow.
The arrow hits the bombardier beetle but does no damage.
A quokka comes into view.
You shoot an arrow.
The arrow closely misses the bombardier beetle.
A jackal comes into view.
The bombardier beetle sprays incendiary fluid at you.
The burning spray hits you.
You are covered in liquid fire!
You shoot an arrow. The jackal barks!
The arrow hits the bombardier beetle.
The arrow burns the bombardier beetle.
The bombardier beetle is moderately wounded.
The liquid fire burns you!
You shoot an arrow. The arrow hits the bombardier beetle.
The arrow burns the bombardier beetle.
The bombardier beetle is severely wounded.
The liquid fire burns you!
You shoot an arrow. The arrow hits the bombardier beetle!
The arrow burns the bombardier beetle.
You kill the bombardier beetle!
The liquid fire burns you!
A jackal comes into view.
You have reached level 4!
You feel clever.
You shoot an arrow. The jackal barks!
The arrow hits the quokka.
The arrow burns the quokka.
The quokka is almost dead.
The liquid fire burns you!
1481 ||| READING scroll of teleportation.
As you read the scroll of teleportation, it crumbles to dust.
You feel strangely unstable. The liquid fire burns you!
The quokka closely misses you.
A jackal comes into view.
The jackal bites you.
You die...

.... ..h. # ....7... ###
....... ..### ....h
#...### #...#
###...##### #...#
..###.....# ##.rh#
)...##.##.# #..@.###
.8..#..#### ###..#.#
...##.## ###.## #..#..#
#.# ####.## #.# ..#..#
###.###
#...##..########.....#
###.#.........##.###^##.
..#.#....####...........


You could see a quokka and 3 jackals.

Vanquished Creatures
  A bombardier beetle (D:2)
  2 adders (D:2)
  2 dart slugs (D:1)
  6 endoplasms
  2 giant cockroaches
  4 goblins
  4 hobgoblins
  3 kobolds
  2 ball pythons (D:2)
  A bat (D:1)
  2 frilled lizards (D:1)
  2 rats (D:1)
31 creatures vanquished.

Notes
Turn   | Place    | Note
-------+----------+-------------------------------------------
     0 | D:1      | qw the Deep Elf Hunter began the quest for the Orb.
     0 | D:1      | Reached XP level 1. HP: 12/12 MP: 3/3
     0 | D:1      | 0 ||| qw: Version: 0.3-a-160-g6735b56
     0 | D:1      | 0 ||| qw: Game counter: 4993
     0 | D:1      | 0 ||| qw: Melee chars always use a shield: true
     0 | D:1      | 0 ||| qw: God list: Okawaru
     0 | D:1      | 0 ||| qw: Allow faded altars: false
     0 | D:1      | 0 ||| qw: Do Orc after clearing Dungeon:15 true
     0 | D:1      | 0 ||| qw: Do second Lair branch before Depths: true
     0 | D:1      | 0 ||| qw: Lair rune preference: random
     0 | D:1      | 0 ||| qw: Goals: Normal
     0 | D:1      | 0 ||| PLANNING D:1-11
   266 | D:1      | Reached skill level 6 in Ranged Weapons
   266 | D:1      | Reached XP level 2. HP: 16/16 MP: 4/4
   934 | D:1      | 934 ||| UPGRADING to scarf of repulsion.
   939 | D:1      | 939 ||| UPGRADING to amulet of the acrobat.
   944 | D:1      | 944 ||| READING 2 scrolls labelled XUJOK MUSKATZOTU.
   944 | D:1      | 944 ||| IDENTIFYING 2 emerald potions
   945 | D:1      | 945 ||| READING scroll of identify.
   945 | D:1      | 945 ||| IDENTIFYING scroll labelled EZIYDI LEZOD
   946 | D:1      | 946 ||| READING scroll of brand weapon.
   946 | D:1      | 946 ||| BRANDING +0 shortbow.
   947 | D:1      | 947 ||| READING scroll labelled EWANLIFASHO.
   952 | D:1      | 952 ||| DROPPING scroll of butterflies.
  1081 | D:2      | Reached XP level 3. HP: 14/20 MP: 5/5
  1201 | D:2      | Reached skill level 7 in Ranged Weapons
  1480 | D:2      | Reached XP level 4. HP: 10/25 MP: 6/6
  1480 | D:2      | HP: 3/25 [burnt (7)]
  1481 | D:2      | 1481 ||| READING scroll of teleportation.
  1481 | D:2      | HP: 1/25 [burnt (2)]
  1481 | D:2      | Slain by a jackal

Levels and vault maps discovered:
D:1:      psy_arrival_whirlpool, layout_basic, nicolae_kite_square_tiling_tiny
D:2:      minmay_skewed_foursquare, layout_loops_cross, basic_altar,
          grunt_ministairs_6, minmay_ruptured

Skill      XL: |  1  2  3 |
---------------+----------+-----
Ranged Weapons | 6 7 |  7.7
Fighting       | |  1.5
Dodging        | |  2.4
Stealth        | |  1.2

Action                     |  1- 3 |  4- 6 || total
---------------------------+-------+-------++-------
   Fire: Shortbow          |    73 |     1 ||    74
    Use: Scroll            |     4 |     1 ||     5
 Armour: Leather armour    |    10 |     1 ||    11
  Dodge: Dodged            |    11 |     1 ||    12

Table legend:
 A = Non-vault XP
 B = Vault XP
 C = Vault XP percentage of total XP
 D = Non-vault monster count
 E = Vault monster count
 F = Vault count percentage of total count
                 A         B        C        D         E       F
            +---------+---------+-------+---------+---------+-------
      Total |     113 |      15 |  11.7 |      23 |       8 |  25.8
            +---------+---------+-------+---------+---------+-------
        D:1 |      29 |       0 |   0.0 |      15 |       0 |   0.0
        D:2 |      84 |      15 |  15.2 |       8 |       8 |  50.0
            +---------+---------+-------+---------+---------+-------
